Map: Orbital Shipyard

Players

Snovski - Winner!

  • Race: Protoss Protoss
  • League: Master

Monty

  • Race: Protoss Protoss
  • League: Grandmaster

Event: DreamHack ZOWIE Open Leipzig

VOD

Have the link to the VOD?

Description

Time

  • Played on: Jan. 22, 2016, 8:35 a.m.
  • Length: 13:35

All games in this series

Show
View Real Time Build Order
Export as new Build Order

Snovski Protoss - Winner!

Build Orders: Nexus First, Blink Stalkers 

Get SALT Encoding   

  12  0:01  Probe (Chrono Boost)  
  13  0:11  Probe (Chrono Boost)  
  14  0:18  Pylon  
  14  0:22  Probe (Chrono Boost)  
  15  0:36  Probe (Chrono Boost)  
  16  0:46  Probe (Chrono Boost)  
  17  0:57  Nexus  
  17  1:07  Gateway  
  17  1:10  Probe (Chrono Boost)  
  18  1:17  Assimilator  
  18  1:21  Assimilator  
  18  1:25  Probe (Chrono Boost)  
  19  1:37  Gateway  
  19  1:38  Probe (Chrono Boost)  
  20  1:49  Probe (Chrono Boost)  
  21  1:54  Cybernetics Core  
  21  2:00  Probe (Chrono Boost)  
  22  2:10  Probe x2 (Chrono Boost)  
  24  2:20  Probe (Chrono Boost)  
  24  2:21  Probe (Chrono Boost)  
  26  2:30  Probe (Chrono Boost)  
  26  2:31  Probe (Chrono Boost), Adept (Chrono Boost)  
  26  2:32  Adept (Chrono Boost)  
  26  2:35  Warp Gate  
  32  2:44  Probe  
  35  2:49  Probe  
  34  2:55  Stalker (Chrono Boost)  
  34  2:56  Stalker (Chrono Boost)  
  38  2:59  Pylon  
  38  3:16  Twilight Council  
  38  3:18  Mothership Core (Chrono Boost), Probe (Chrono Boost)  
  41  3:24  Pylon  
  41  3:28  Probe (Chrono Boost)  
  42  3:36  Probe (Chrono Boost)  
  42  3:39  Probe (Chrono Boost)  
  44  3:46  Probe (Chrono Boost)  
  41  3:49  Stalker, Probe (Chrono Boost)  
  41  3:53  Blink (Chrono Boost)  
  44  3:55  Probe  
  44  3:58  Assimilator  
  44  4:00  Probe  
  46  4:03  Assimilator  
  46  4:04  Stalker  
  46  4:06  Probe  
  49  4:13  Probe  
  49  4:15  Robotics Facility  
  49  4:16  Probe  
  50  4:19  Pylon  
  51  4:25  Probe  
  51  4:27  Probe, Pylon  
  53  4:40  Probe  
  53  4:41  Probe  
  53  4:42  Stalker  
  57  4:46  Dark Shrine  
  57  4:47  Gateway  
  57  4:49  Gateway  
  57  5:00  Gateway  
  57  5:02  Gateway  
  57  5:06  Observer (Chrono Boost)  
  58  5:07  Gateway  
  58  5:08  Probe  
  58  5:09  Probe  
  60  5:16  Pylon  
  60  5:22  Probe  
  60  5:24  Stalker  
  60  5:25  Warp Prism (Chrono Boost)  
  65  5:36  Probe  
  65  5:38  Stalker  
  68  5:44  Pylon  
  68  5:45  Stalker x2  
  72  5:57  Stalker  
  72  5:58  Stalker x2  
  72  6:02  Observer, Pylon  
  79  6:05  Pylon  
  79  6:11  Nexus  
  79  6:21  Probe  
  79  6:22  Probe  
  81  6:31  Dark Templar x3  
  81  6:32  Dark Templar  
  89  6:35  Stalker  
  89  6:37  Probe  
  92  6:41  Probe  
  92  6:44  Stalker  
  92  6:46  Pylon  
  95  6:49  Probe  
  96  6:57  Dark Templar  
  96  6:58  Zealot  
  98  7:07  Immortal (Chrono Boost)  
  96  7:08  Probe  
  96  7:10  Probe  
  96  7:12  Forge  
  98  7:19  Probe  
  98  7:21  Stalker x2  
  98  7:22  Stalker x2, Probe  
  106  7:23  Probe  
  107  7:30  Probe  
  108  7:42  Immortal (Chrono Boost), Probe x2  
  108  7:43  Probe  
  115  7:47  Protoss Ground Weapons Level 1  
  115  7:53  Robotics Bay  
  115  7:57  Pylon  
  115  7:58  Robotics Facility  
  115  7:59  Pylon  
  115  8:04  Assimilator  
  115  8:09  Assimilator  
  115  8:14  Stalker  
  115  8:15  Stalker x2  
  115  8:16  Immortal (Chrono Boost)  
  125  8:24  Photon Cannon  
  125  8:26  Pylon, Photon Cannon  
  125  8:28  Photon Cannon  
  125  8:36  Dark Templar x2, Zealot  
  125  8:40  Pylon  
  131  8:46  Probe  
  131  8:47  Probe  
  136  8:51  Disruptor (Chrono Boost)  
  136  8:52  Pylon  
  136  8:59  Dark Templar  
  138  9:07  Photon Cannon  
  138  9:08  Disruptor (Chrono Boost), Photon Cannon  
  141  9:16  Gateway  
  141  9:17  Gateway  
  141  9:20  Gateway  
  141  9:21  Pylon  
  144  9:45  Protoss Ground Weapons Level 2 (Chrono Boost)  
  136  9:49  Templar Archives  
  136  9:51  Charge  
  136  9:52  Immortal (Chrono Boost), Disruptor (Chrono Boost)  
  132  9:59  Nexus  
  136  10:01  Zealot x4  
  136  10:02  Zealot x2  
  148  10:21  Gateway  
  148  10:22  Warp Prism  
  150  10:30  Dark Templar  
  150  10:31  Dark Templar x3  
  150  10:34  Pylon  
  158  10:37  Pylon  
  158  10:39  Assimilator  
  158  10:43  Archon x2  
  158  10:46  Immortal, Photon Cannon  
  158  10:53  High Templar x2, Assimilator  
  166  11:00  Photon Cannon  
  166  11:01  Photon Cannon  
  166  11:03  Pylon, Archon  
  166  11:06  Zealot x2  
  166  11:07  Zealot x3  
  176  11:21  Zealot x3  
  173  11:32  Immortal  
  170  11:35  High Templar x2  
  170  11:36  High Templar x2  
  180  11:41  Pylon, Archon  
  180  11:42  Pylon, Archon  
  180  11:48  Nexus  
  180  12:00  High Templar  
  178  12:12  Zealot x5  
  151  12:23  Zealot x3  
  151  12:39  Zealot x5  
  151  12:40  Zealot x2  
  151  12:42  Observer  
  151  12:43  Observer  
  156  13:01  Observer  
  156  13:02  Photon Cannon  
  156  13:03  Zealot x2  
  156  13:04  Photon Cannon, High Templar x3  
  156  13:05  High Templar  
  169  13:10  Archon  
  169  13:11  Archon  
  169  13:15  High Templar x3  
  175  13:20  Archon  
  175  13:21  Zealot x2  
Show
View Real Time Build Order
Export as new Build Order

Monty Protoss 

Build Orders: Nexus First 

Get SALT Encoding   

  12  0:01  Probe (Chrono Boost)  
  13  0:11  Probe (Chrono Boost)  
  14  0:18  Pylon  
  14  0:22  Probe (Chrono Boost)  
  15  0:36  Probe (Chrono Boost)  
  16  0:47  Probe (Chrono Boost)  
  17  0:56  Nexus  
  17  1:07  Gateway  
  17  1:10  Probe (Chrono Boost)  
  18  1:16  Assimilator  
  18  1:20  Probe (Chrono Boost)  
  18  1:24  Assimilator  
  19  1:31  Probe (Chrono Boost)  
  20  1:38  Gateway  
  20  1:42  Probe (Chrono Boost)  
  21  1:52  Probe (Chrono Boost)  
  22  1:56  Cybernetics Core  
  22  2:03  Probe (Chrono Boost)  
  23  2:08  Probe (Chrono Boost)  
  23  2:13  Probe (Chrono Boost)  
  25  2:19  Probe (Chrono Boost)  
  26  2:24  Probe (Chrono Boost)  
  26  2:29  Probe (Chrono Boost)  
  28  2:32  Stalker (Chrono Boost)  
  28  2:33  Stalker (Chrono Boost)  
  28  2:34  Probe (Chrono Boost)  
  28  2:36  Warp Gate  
  33  2:40  Probe (Chrono Boost)  
  34  2:46  Probe (Chrono Boost), Pylon  
  35  2:52  Mothership Core (Chrono Boost)  
  35  2:57  Probe (Chrono Boost)  
  38  3:04  Stalker (Chrono Boost)  
  40  3:08  Stalker (Chrono Boost)  
  40  3:09  Probe (Chrono Boost)  
  40  3:12  Probe (Chrono Boost), Pylon  
  44  3:19  Probe (Chrono Boost)  
  45  3:28  Probe  
  45  3:47  Probe  
  47  3:48  Stalker (Chrono Boost)  
  47  3:49  Stalker (Chrono Boost), Probe  
  48  4:01  Probe, Nexus  
  49  4:03  Pylon, Robotics Facility  
  49  4:04  Probe (Chrono Boost)  
  50  4:13  Probe (Chrono Boost)  
  50  4:16  Probe (Chrono Boost)  
  52  4:21  Pylon  
  57  4:24  Probe (Chrono Boost), Assimilator  
  57  4:27  Probe (Chrono Boost)  
  57  4:29  Assimilator  
  58  4:35  Probe (Chrono Boost)  
  58  4:37  Probe (Chrono Boost)  
  56  4:40  Twilight Council  
  56  4:42  Sentry x2  
  56  4:45  Probe (Chrono Boost)  
  61  4:48  Probe (Chrono Boost)  
  61  4:51  Observer  
  63  4:56  Probe (Chrono Boost)  
  63  4:58  Probe (Chrono Boost)  
  65  5:00  Gateway x2  
  65  5:06  Probe (Chrono Boost)  
  66  5:09  Probe (Chrono Boost)  
  66  5:13  Observer  
  68  5:15  Gateway  
  68  5:16  Probe (Chrono Boost)  
  68  5:17  Probe (Chrono Boost)  
  68  5:19  Probe (Chrono Boost)  
  68  5:20  Sentry, Pylon  
  73  5:24  Stalker  
  73  5:27  Probe x2 (Chrono Boost)  
  77  5:30  Probe (Chrono Boost)  
  77  5:35  Pylon  
  78  5:36  Immortal (Chrono Boost)  
  78  5:37  Probe (Chrono Boost)  
  78  5:38  Probe (Chrono Boost)  
  78  5:39  Probe (Chrono Boost)  
  85  5:46  Probe  
  86  5:51  Pylon  
  85  5:59  Probe  
  85  6:00  Probe  
  85  6:01  Probe  
  88  6:08  Assimilator  
  88  6:09  Charge  
  88  6:10  Probe, Assimilator  
  92  6:12  Immortal (Chrono Boost), Pylon  
  92  6:14  Probe, Pylon  
  92  6:17  Pylon  
  94  6:22  Pylon  
  94  6:28  Stalker x4  
  94  6:29  Stalker  
  104  6:38  Forge  
  108  6:52  Pylon  
  104  6:58  Adept x3  
  108  7:05  Pylon  
  108  7:06  Pylon  
  106  7:09  Probe  
  106  7:10  Pylon  
  106  7:11  Probe, Immortal (Chrono Boost)  
  106  7:13  Pylon  
  106  7:15  Pylon  
  108  7:16  Probe  
  108  7:20  Probe  
  110  7:25  Protoss Ground Weapons Level 1 (Chrono Boost)  
  110  7:31  Photon Cannon  
  108  7:40  Probe  
  108  7:41  Zealot  
  108  7:42  Zealot x4  
  119  7:45  Stargate  
  119  7:48  Immortal  
  119  7:49  Templar Archives, Probe, Stargate  
  119  7:50  Probe  
  124  7:56  Photon Cannon  
  125  8:03  Gateway  
  125  8:05  Gateway  
  125  8:08  Gateway  
  125  8:10  Gateway  
  125  8:12  Gateway  
  125  8:19  Probe  
  126  8:27  Immortal, Zealot, High Templar x2  
  126  8:28  Zealot x2  
  126  8:30  Phoenix (Chrono Boost)  
  126  8:33  Phoenix (Chrono Boost)  
  144  8:37  Archon  
  144  8:50  Phoenix (Chrono Boost)  
  144  8:54  Phoenix (Chrono Boost)  
  148  9:06  Zealot, High Templar x2  
  148  9:07  Nexus, Zealot x2  
  148  9:09  Pylon  
  158  9:10  Pylon  
  158  9:12  Pylon, Archon  
  158  9:14  Immortal  
  158  9:16  Pylon  
  158  9:17  Protoss Ground Weapons Level 2 (Chrono Boost)  
  162  9:18  Probe  
  162  9:19  Probe  
  163  9:31  Probe  
  164  9:32  Photon Cannon  
  164  9:33  Phoenix  
  164  9:36  Phoenix  
  163  9:54  Photon Cannon  
  163  9:58  Warp Prism  
  164  10:09  Probe  
  164  10:14  Zealot x3, High Templar x2  
  167  10:15  Zealot x5  
  167  10:16  Probe  
  167  10:18  Probe  
  167  10:19  Probe  
  188  10:21  Probe  
  188  10:22  Archon  
  189  10:35  Photon Cannon  
  189  10:38  Photon Cannon  
  189  10:39  Photon Cannon  
  189  10:45  High Templar x3, Photon Cannon  
  189  10:46  High Templar x2  
  199  10:50  Archon x2  
  198  10:57  High Templar  
  200  11:05  Forge  
  200  11:07  Archon  
  200  11:09  Robotics Bay  
  198  11:32  High Templar  
  186  11:33  Zealot x4  
  186  11:34  Zealot x3  
  200  11:40  Assimilator  
  200  11:41  Assimilator  
  200  11:50  Gateway  
  200  11:51  Gateway  
  200  11:53  Gateway  
  200  11:55  Gateway  
  194  12:10  Zealot  
  194  12:11  Zealot x7  
  194  12:12  Zealot  
  174  12:20  Immortal  
  144  12:24  Phoenix  
  144  12:28  Phoenix  
  136  12:35  Zealot, High Templar x4  
  136  12:36  Zealot x4  
  126  12:40  Archon  
  126  12:41  Archon  
  95  13:05  Zealot x2  
  101  13:06  Zealot, High Templar  
  101  13:07  Zealot x3, High Templar  
  101  13:08  Zealot  
  101  13:10  Zealot x3  
  101  13:11  Archon  

Tags
 
Add a new tag
Caveats
  • Supply blocks, unpowered buildings, or Contaminate may cause inaccurate times.
  • Supply counts are checked every 10 seconds.